AoeStats
← Papà di Jim

Fortress

510176108Analyzed
3v3 RM · 3d ago on Sep 29, 2026· 44m 29s· 6 players
Game mode
Random Map
Map size
Large (8 player)
Population
200
Speed
Normal
Resources
Standard
Victory
Conquest
Starting age
Dark Age
Ending age
Imperial Age
RankedLock teamsTeams togetherTeam positionsShared explorationLock speedFull tech treeHidden civsTurbo modeCheats
Victory
Defeat
🇵🇸 Turks · Palestinian Territories
984
+12
🇸🇦 Franks · Saudi Arabia
983
+12
🇵🇸 Inca · Palestinian Territories
976
+12
🇮🇹 Teutons · Italy
931
-14
🇮🇹 Italians · Italy
914
-13
🇮🇹 Malay · Italy
818
-9
giangiacomo91
6:22 Feudal Age
7:38 Feudal Age
9:53 Loom
12:45 Castle Age
12:00 Double-Bit Axe
14:53 Padded Archer Armor
14:44 Fletching
15:36 Bodkin Arrow
21:32 Horse Collar
23:23 Wheelbarrow
25:01 Ballistics
27:30 Imperial Age
24:54 Light Cavalry
27:59 Forging
27:55 Scale Barding Armor
29:11 Chemistry
30:01 Masonry
30:20 Bracer
30:47 Man-at-Arms
33:21 Town Watch
34:42 Hoardings
34:28 Conscription
35:36 Iron Casting
35:02 Padded Archer Armor
34:38 Hussar
35:27 Murder Holes
35:42 Masonry
35:04 Long Swordsman
37:09 Chain Barding Armor
38:39 Bloodlines
38:54 Bow Saw
39:37 Leather Archer Armor
rusalco
7:56 Feudal Age
9:10 Double-Bit Axe
15:16 Castle Age
13:03 Horse Collar
18:08 Forging
17:49 Fletching
19:26 Wheelbarrow
19:56 Iron Casting
18:51 Man-at-Arms
20:51 Bow Saw
21:10 Long Swordsman
21:39 Arson
21:55 Squires
23:01 Gold Mining
24:49 Hand Cart
26:10 Caravan
31:09 Imperial Age
28:25 Loom
29:53 Pikeman
29:57 Two-Handed Swordsman
31:03 Forced Levy
32:29 Ballistics
33:28 Conscription
34:16 Heavy Plow
34:02 Halberdier
36:00 Elite Karambit Warrior
38:54 Blast Furnace
39:28 Husbandry
Papà di Jim
8:47 Feudal Age
9:30 Double-Bit Axe
9:27 Horse Collar
12:47 Bloodlines
13:18 Wheelbarrow
12:37 Gold Mining
17:10 Castle Age
15:43 Stone Mining
22:12 Loom
23:35 Bow Saw
23:29 Heavy Plow
24:46 Ballistics
28:41 Imperial Age
26:26 Fortified Wall
26:26 Masonry
26:47 Forging
26:44 Scale Barding Armor
26:39 Scale Mail Armor
26:30 Fletching
28:18 Caravan
29:14 Cavalier
30:32 Iron Casting
30:19 Chain Barding Armor
30:14 Chain Mail Armor
29:55 Bodkin Arrow
30:23 Crenellations
31:01 Guilds
33:01 Chemistry
31:49 Arrowslits
33:25 Paladin
36:46 Hand Cart
36:17 Town Watch
37:46 Conscription
38:42 Town Patrol
42:09 Elite Skirmisher
42:53 Padded Archer Armor
43:39 Plate Barding Armor
44:05 Blast Furnace
43:36 Plate Mail Armor
X-ALADDIN-X THE LIONHEART
2:05 Loom
8:52 Feudal Age
9:30 Horse Collar
11:19 Double-Bit Axe
14:12 Castle Age
12:41 Gold Mining
12:44 Stone Mining
12:47 Man-at-Arms
14:35 Wheelbarrow
19:05 Bow Saw
20:29 Hand Cart
20:54 Gold Shaft Mining
21:02 Man-at-Arms
23:02 Heavy Plow
28:41 Imperial Age
25:44 Man-at-Arms
27:07 Sipahi
26:37 Long Swordsman
29:33 Town Watch
31:06 Two-Man Saw
30:21 Caravan
30:18 Fletching
30:35 Scale Barding Armor
30:31 Padded Archer Armor
31:21 Artillery
32:03 Town Patrol
32:25 Heavy Cavalry Archer
33:54 Hoardings
35:00 Conscription
35:15 Parthian Tactics
35:08 Thumb Ring
36:27 Two-Handed Swordsman
37:07 Squires
36:32 Elite Janissary
37:23 Bodkin Arrow
37:49 Chain Barding Armor
39:17 Bracer
39:53 Plate Barding Armor
39:31 Forging
39:37 Leather Archer Armor
42:54 Ring Archer Armor
43:00 Iron Casting
43:11 Treadmill Crane
43:52 Ballistics
43:24 Heated Shot
abogalb35
10:23 Loom
12:46 Feudal Age
13:51 Double-Bit Axe
16:45 Castle Age
15:13 Stone Mining
15:04 Horse Collar
15:16 Gold Mining
14:50 Champi Runner
18:22 Forging
18:13 Scale Mail Armor
28:18 Imperial Age
26:52 Champi Warrior
28:30 Gold Shaft Mining
28:06 Bow Saw
28:43 Heavy Plow
29:25 Wheelbarrow
29:45 Elite Champi Warrior
31:28 Andean Sling
33:14 Stone Shaft Mining
32:19 Elite Kamayuk
33:43 Onager
34:44 Chain Mail Armor
36:45 Fabric Shields
39:46 Iron Casting
39:41 Plate Mail Armor
39:13 Padded Archer Armor
39:03 Fletching
45:04 Leather Archer Armor
44:47 Bodkin Arrow
45:53 Blast Furnace
Falcon86
8:44 Feudal Age
7:04 Loom
13:01 Castle Age
11:41 Double-Bit Axe
11:49 Gold Mining
19:32 Forging
25:07 Wheelbarrow
26:36 Bow Saw
29:57 Imperial Age
27:25 Stone Mining
27:53 Caravan
29:10 Hand Cart
29:50 Gold Shaft Mining
30:29 Scale Barding Armor
30:59 Iron Casting
30:25 Scale Mail Armor
30:30 Cavalier
32:01 Murder Holes
33:07 Chemistry
32:30 Ballistics
32:22 Fortified Wall
32:17 Paladin
34:39 Husbandry
34:04 Pikeman
35:08 Chain Barding Armor
35:50 Conscription
39:29 Plate Barding Armor
39:55 Blast Furnace
39:11 Chain Mail Armor
43:43 Elite Skirmisher
Connection lost

Rejoining the realm…

Still unreachable

The connection could not be restored.

Session expired

The server has moved on; the page needs a fresh start.